 Dungeon Crawl Stone Soup version 0.31-a0-544-gceb718ecc6 (webtiles) character file.

Game seed: 2014651229084364801

2620 randomguy2701 the Reanimator (level 9, -4/46 HPs)
             Began as a Deep Elf Necromancer on Aug 15, 2023.
             Killed from afar by a steam dragon (21 damage)
             ... with a ball of steam
             ... on level 7 of the Dungeon.
             The game lasted 00:22:01 (7019 turns).

randomguy2701 the Reanimator (Deep Elf Necromancer) Turns: 7019, Time: 00:22:05

Health: -4/46      AC:  7    Str:  5    XL:     9   Next: 34%
Magic:  30/34      EV: 18    Int: 25    God:
Gold:   247        SH:  0    Dex: 18    Spells: 11/28 levels left

rFire   x . .        s - +0 halberd (vamp)
rCold   . . .        (shield currently unavailable)
rNeg    . . .        y - +2 leather armour of Zekyox {rF- rCorr Dex+3}
rPois   .            (no helmet)
rElec   .            E - +1 cloak
rCorr   +            (no gloves)
SInv    .            (no boots)
Will    .....        c - amulet of magic regeneration
Stlth   ++           B - +5 ring of evasion
HPRegen 0.27/turn    A - ring of magical power
MPRegen 0.64/turn

%: no passive effects
@: no status effects
A: no striking features
a: no special abilities


You were on level 7 of the Dungeon.
You visited 1 branch of the dungeon, and saw 7 of its levels.
You also visited: Ossuary.

You collected 247 gold pieces.

Inventory:

Hand Weapons
 s - a +0 vampiric halberd (weapon)
Armour
 a - a +0 robe
 y - the +2 leather armour of Zekyox (worn) {rF- rCorr Dex+3}
   (You found it on level 6 of the Dungeon)

   Dex+3:     It affects your dexterity (+3).
   rF-:       It makes you vulnerable to fire.
   rCorr:     It protects you from acid and corrosion.
 E - a +1 cloak (worn)
Jewellery
 c - an amulet of magic regeneration (around neck)
 k - a ring of wizardry
 u - a ring of resist corrosion
 A - a ring of magical power (right hand)
 B - a +5 ring of evasion (left hand)
Wands
 x - a wand of roots (3)
Scrolls
 p - 2 scrolls of noise
 r - 3 scrolls of fear
Potions
 b - 2 potions of magic
 e - 4 potions of berserk rage {unknown}
 f - 3 potions of degeneration {unknown}
 g - 9 potions of curing {unknown}
 i - 3 potions of brilliance {unknown}
 l - a potion of invisibility {unknown}
 m - 2 potions of heal wounds {unknown}
 n - a potion of mutation {unknown}
 t - 3 potions of enlightenment
 z - a potion of haste {unknown}


   Skills:
 - Level 0.3 Fighting
 + Level 4.7 Dodging
 + Level 3.7 Stealth
 - Level 0.3 Unarmed Combat
 + Level 10.0 Spellcasting
 + Level 10.7 Necromancy
 * Level 5.3 Fire Magic


You had 11 spell levels left.
You knew the following spells:

 Your Spells              Type           Power      Damage    Failure   Level
a - Necrotise             Necr           100%       1d9       1%          1
b - Vampiric Draining     Necr           61%        2d10      1%          3
c - Ignite Poison         Fire/Tmut/Pois 21%        N/A       12%         3
e - Dispel Undead         Necr           61%        3d21      1%          4
f - Death Channel         Necr           30%        N/A       16%         6

Your spell library contained the following spells:

 Spells                   Type           Power      Damage    Failure   Level
 Sublimation of Blood     Necr           61%        N/A       1%          2
 Animate Dead             Necr           61%        N/A       1%          4
 Cigotuvi's Dreadful Rot  Necr/Pois/Air  60%        N/A       2%          2
 Agony                    Necr           61%        N/A       2%          5
 Wereblood                Tmut           12%        N/A       12%         2
 Sticky Flame             Conj/Fire      26%        2d5       26%         4
 Summon Hydra             Summ           6%         N/A       100%        7
 Ignition                 Fire           19%        3d7       100%        8


Dungeon Overview and Level Annotations

Branches:
Dungeon (7/15)             Temple (0/1) D:7         Ossuary (visited)

Altars:
Cheibriados
Hepliaklqana
Okawaru
Xom
Yredelemnul
Zin


Message History

HP restored.
Things that are here:
a +0 mace of protection; a +0 leather armour; an orc corpse An orc priest comes into view.
It is wielding a +0 short sword.
Found a glass wand.
Found a staircase to the Ecumenical Temple.
An orc priest is nearby!
An orc priest is nearby!
The orc priest shouts!
The orc priest writhes in agony.
The orc priest writhes in agony.
The orc priest casts a cantrip, but nothing happens.
The orc priest writhes in agony.
The orc priest invokes the aid of Beogh against you.
Beogh smites you!
A steam dragon comes into view.
The orc priest writhes in agony.
You kill the orc priest!
The dead are walking!
You can't see any susceptible monsters within range! (Use Z to cast anyway.)
You can't see any susceptible monsters within range! (Use Z to cast anyway.)
You can't see any susceptible monsters within range! (Use Z to cast anyway.)
You can't see any susceptible monsters within range! (Use Z to cast anyway.)
The steam dragon writhes in agony.
The steam dragon writhes in agony!
Your orc priest skeleton closely misses the steam dragon.
The steam dragon breathes steam at you. The ball of steam hits you!!
The steam scalds you terribly!
Ouch! That really hurt!
Your orc priest skeleton closely misses the steam dragon.
Casting: Necrotise (safe; 1% risk of failure)
Confirm with . or Enter, or press ? or * to list all spells.
Aiming: Vampiric Draining (safe; 1% risk of failure)
Press: ? - help, Shift-Dir - straight line, f/p - steam dragon
Aim: a steam dragon (moderately wounded, ally target)
You draw life force from the steam dragon.
You feel life coursing into your body. The steam dragon breathes steam at you.
The ball of steam hits you!! The steam scalds you terribly!
You die...

......... .........
##.......##
#.........#
##.........#
#.)........# # #
#.)<.......# >#.#.
#.)).......#).....
##.#...§§§§@DZ.....
#..##..§.§§§...$...
#......§§§#........
###########........
#####./.. .#.. # #


You could see a steam dragon (catching breath, ally target) and a friendly orc
priest skeleton.

Vanquished Creatures
  Sigmund (D:3)
  A water moccasin (D:6)
  An ice beast (D:6)
  An orc warrior (D:6)
  2 black bears
  An ogre (D:6)
  A phantom (D:6)
  A kobold brigand (D:6)
  6 scorpions
  3 elf skeletons (D:4)
  A howler monkey (D:5)
  A jelly (D:6)
  6 hounds
  6 orc priests
  A sleepcap (D:6)
  4 iguanas
  Jessica (D:2)
  Terence (D:3)
  Natasha (thrice) (D:3)
  7 orc wizards
  3 human skeletons (D:4)
  12 gnolls
  3 adders
  2 white imps
  2 worms
  17 orcs
  4 ball pythons
  5 bats
  7 endoplasms
  4 giant cockroaches
  12 hobgoblins
  5 quokkas
  A frilled lizard (D:2)
  6 goblins
  7 hobgoblin zombies (Ossuary)
  A jackal zombie (Ossuary)
  11 kobolds
  6 kobold zombies (Ossuary)
  3 orc skeletons (D:4)
  9 orc zombies
  4 rats
173 creatures vanquished.

Vanquished Creatures (collateral kills)
  A hound (D:5)
  An orc (D:6)
  A bat (D:1)
  An orc zombie (D:4)
  A rat (D:1)
5 creatures vanquished.

Grand Total: 178 creatures vanquished

Notes
Turn   | Place    | Note
-------+----------+-------------------------------------------
     0 | D:1      | randomguy2701 the Deep Elf Necromancer began the quest for
                  | the Orb.
     0 | D:1      | Reached XP level 1. HP: 10/10 MP: 6/6
    76 | D:1      | Reached skill level 5 in Necromancy
   322 | D:1      | Reached XP level 2. HP: 15/15 MP: 5/8
  1121 | D:2      | Noticed Jessica
  1127 | D:2      | Killed Jessica
  1128 | D:2      | Reached XP level 3. HP: 19/19 MP: 4/10
  1312 | D:2      | Reached XP level 4. HP: 14/24 MP: 9/12
  1318 | D:2      | Learned a level 3 spell: Vampiric Draining
  1680 | D:3      | Noticed Terence
  1686 | D:3      | Killed Terence
  1687 | D:3      | Reached skill level 5 in Spellcasting
  1762 | D:3      | Reached XP level 5. HP: 28/28 MP: 12/14
  2167 | D:3      | Noticed Natasha
  2296 | D:4      | Found a basalt altar of Yredelemnul.
  2355 | D:4      | Found a snail-covered altar of Cheibriados.
  2515 | D:4      | Reached XP level 6. HP: 27/33 MP: 13/17
  2642 | D:4      | Found a sand-covered staircase.
  2648 | Ossuary  | Entered an ossuary
  2669 | Ossuary  | Learned a level 3 spell: Ignite Poison
  3061 | D:4      | Reached skill level 1 in Fire Magic
  3324 | D:4      | Reached XP level 7. HP: 26/37 MP: 18/18
  4008 | D:4      | Found a hazy altar of Hepliaklqana.
  4010 | D:4      | Found an iron altar of Okawaru.
  4011 | D:4      | Found a shimmering altar of Xom.
  4081 | D:5      | Entered Level 5 of the Dungeon
  4148 | D:3      | Noticed Sigmund
  4156 | D:3      | Killed Sigmund
  4157 | D:3      | Reached XP level 8. HP: 32/42 MP: 15/21
  4198 | D:3      | Killed Natasha
  4529 | D:3      | Noticed Natasha
  4533 | D:3      | Killed Natasha
  4537 | D:3      | Noticed Natasha
  4544 | D:3      | Killed Natasha
  4748 | D:5      | Learned a level 2 spell: Cigotuvi's Dreadful Rot
  4802 | D:5      | Found a glowing silver altar of Zin.
  5726 | D:6      | Identified the +2 leather armour of Zekyox {rF- rCorr
                  | Dex+3}
  5921 | D:6      | Reached skill level 10 in Necromancy
  6011 | D:6      | Reached XP level 9. HP: 46/46 MP: 24/24
  6018 | D:6      | Learned a level 4 spell: Dispel Undead
  6025 | D:6      | Learned a level 6 spell: Death Channel
  6708 | D:6      | Reached skill level 5 in Fire Magic
  6918 | D:7      | Reached skill level 10 in Spellcasting
  7010 | D:7      | Found a staircase to the Ecumenical Temple.
  7019 | D:7      | Killed from afar by a steam dragon

Illustrated notes

Levels and vault maps discovered:
D:1:      dpeg_arrival_another_circle, layout_rooms
D:2:      layout_basic, uniq_jessica
D:3:      layout_loops_ring, chequers_serial_rivers_micro_e, uniq_sigmund,
          uniq_natasha, uniq_terence
D:4:      layout_loops_ring, marbit_many_paths,
          mainiacjoe_overflow_small_starburst, nicolae_overflow_hidden_temple,
          nicolae_ossuary_entry_catacombs, minmay_misc_feat_pillars,
          dreamdust_princess_bridge, cheibrodos_gnoll_hut
D:5:      layout_loops_ring, lemuel_crystal_altar
D:6:      layout_basic
D:7:      layout_rooms, nicolae_gozag_seed_capital, kennysheep_mini,
          mainiacjoe_overflow_paths, minmay_temple_entry_proselytizer,
          minmay_misc_feat_tiny, nrook_loot_triangle, minmay_misc_feat_x,
          nicolae_kite_square_tiling_tiny, uniq_duvessa, uniq_joseph

Skill      XL: |  1  2  3  4  5  6  7  8  9 |
---------------+----------------------------+-----
Necromancy     | 5 6 7 8 10 | 10.7
Spellcasting   | 4 5 6 7 9 10 | 10.0
Dodging        | 3 4 |  4.7
Fire Magic     | 1 3 4 5 |  5.3
Stealth        | 3 |  3.7
Fighting       | |  0.3
Unarmed Combat | |  0.3

Action                     |  1- 3 |  4- 6 |  7- 9 || total
---------------------------+-------+-------+-------++-------
  Melee: Unarmed           |     2 |       |       ||     2
         Halberd           |       |   148 |    65 ||   213
   Cast: Necrotise         |    52 |    92 |   227 ||   371
         Vampiric Draining |       |     9 |    17 ||    26
         Cigotuvi's Dreadf |       |       |     2 ||     2
  Evoke: Wand              |       |       |     1 ||     1
    Use: Scroll            |       |       |    11 ||    11
   Stab: Sleeping          |       |     4 |       ||     4
         Distracted        |       |     2 |       ||     2
 Armour: Robe              |     6 |    41 |    17 ||    64
         Leather armour    |       |       |    13 ||    13
  Dodge: Dodged            |    12 |   152 |   127 ||   291

Table legend: (Time is in decaauts)
 A = Elapsed time spent in this place.
 B = Non-inter-level travel time spent in this place.
 C = Inter-level travel time spent in this place.
 D = Time resting spent in this place.
 E = Time spent auto-exploring this place.
 F = Levels seen in this place.
 G = Mean time per level.
                   A        B        C        D        E       F      G
               +--------+--------+--------+--------+--------+-----+--------+
         Total |   7149 |   6574 |    575 |     36 |   4949 |   8 |  893.6 |
       Dungeon |   6798 |   6223 |    575 |     36 |   4851 |   7 |  971.1 |
       Ossuary |    350 |    350 |      0 |      0 |     98 |   1 |  350.0 |
               +--------+--------+--------+--------+--------+-----+--------+

Top non-repeatable levels by time:
     D:4: 1749 daAuts
     D:5: 1335 daAuts
     D:3: 1054 daAuts
     D:2: 896 daAuts
     D:6: 869 daAuts
     D:1: 783 daAuts
 Ossuary: 350 daAuts
     D:7: 111 daAuts
